 Dungeon Crawl Stone Soup version 0.30-b1-2-g02819fbbbe (webtiles) character file.

Game seed: 15887488022080652391

143 raph the Changer (level 5, -3/40 HPs)
             Began as a Draconian Transmuter on June 6, 2023.
             Was an Initiate of Gozag.
             Killed from afar by Natasha (7 damage)
             ... with a magic dart
             ... on level 3 of the Dungeon.
             The game lasted 00:03:01 (2559 turns).

raph the Changer (Draconian Transmuter)             Turns: 2559, Time: 00:03:02

Health: -3/40      AC:  5    Str: 12    XL:     5   Next: 4%
Magic:  8/8        EV: 12    Int: 14    God:    Gozag
Gold:   322        SH:  0    Dex: 13    Spells: 2/8 levels left

rFire   . .          .
                       - Unarmed
rCold   . . .        (no shield)
rNeg    . . .        (body armour unavailable)
rPois   .            (helmet currently unavailable)
rElec   .            (no cloak)
rCorr   .            (no gloves)
SInv    .            (boots currently unavailable)
Will    .....        (no amulet)
Stlth   +            (no ring)
HPRegen 0.26/turn    (no ring)
MPRegen 0.11/turn

%: no passive effects
@: appendages, slowed, very slow
A: horns 2, talons 2, AC +5, unfitting armour, cold-blooded
a: End Transformation, Renounce Religion, Potion Petition, Call Merchant, Bribe
Branch


You were on level 3 of the Dungeon.
You worshipped Gozag.
Gozag was aware of your devotion.
You had temporarily grown beastly horns and talons.
You visited 1 branch of the dungeon, and saw 3 of its levels.

You collected 322 gold pieces.

Inventory:

Missiles
 h - 10 boomerangs
Jewellery
 g - a ring of fire
Scrolls
 f - 3 scrolls of torment {unknown}
 i - a scroll of identify {unknown}
 k - a scroll of enchant weapon {unknown}
 l - a scroll of magic mapping {unknown}
 m - a scroll of teleportation {unknown}
Potions
 a - 3 potions of lignification
 b - a potion of flight {unknown}
 c - a potion of curing {unknown}
 d - a potion of degeneration {unknown}
 e - a potion of heal wounds {unknown}
 j - a potion of might {unknown}
 n - a potion of invisibility {unknown}


   Skills:
 - Level 1.1 Fighting
 - Level 1.7 Dodging
 - Level 3.0 Unarmed Combat
 - Level 2.0 Spellcasting
 * Level 5.2 Transmutations
 + Level 0.5 Poison Magic


You had 2 spell levels left.
You knew the following spells:

 Your Spells              Type           Power      Damage    Failure   Level
a - Beastly Appendage     Tmut           32%        N/A       2%          1
b - Wereblood             Tmut           16%        N/A       4%          2
c - Spider Form           Tmut/Pois      9%         N/A       22%         3

Your spell library contained the following spells:

 Spells                   Type           Power      Damage    Failure   Level
 Kiss of Death            Conj/Necr      4%         2d5       24%         1
 Static Discharge         Conj/Air       2%         2-3/arc   34%         2
 Confusing Touch          Hex            1%         N/A       56%         3
 Ice Form                 Ice/Tmut       8%         N/A       63%         4
 Airstrike                Air            0%         2d(1-17)  93%         4
 Dispel Undead            Necr           1%         3d6       93%         4
 Summon Lightning Spire   Summ/Air       1%         N/A       93%         4


Dungeon Overview and Level Annotations

Branches:
Dungeon (3/15)

Altars:
Gozag

Annotations:
D:3 1 transporter, exclusion: downstairs, Natasha; Vorhees's ghost, amateur TrGl


Innate Abilities, Weirdness & Mutations

You have temporarily grown beastly horns and talons.
Your plain brown scales are hard. (AC +5)
You cannot fit into any form of body armour.
You are cold-blooded and may be slowed by cold attacks.


Message History

Natasha is moderately wounded.
Natasha howls an incantation.
Natasha's front paws start to glow.
Natasha claws you. The cerulean imp misses you.
You hit Natasha but do no damage. Your kick misses Natasha.
You headbutt Natasha.
Natasha is moderately wounded.
Natasha claws you but does no damage.
The cerulean imp hits you from afar with a +2 spear.
Natasha closely misses you.
You closely miss Natasha. Your headbutt misses Natasha.
Natasha is moderately wounded.
The cerulean imp completely misses you. Natasha closely misses you.
The cerulean imp hits you from afar with a +2 spear!
You completely miss Natasha. You claw Natasha, but do no damage.
You tail-slap Natasha.
Natasha is heavily wounded.
Natasha claws you.
The cerulean imp hits you from afar with a +2 spear.
* * * LOW HITPOINT WARNING * * *
You barely miss Natasha.
Natasha is heavily wounded.
Natasha claws you but does no damage.
The cerulean imp hits you from afar with a +2 spear.
* * * LOW HITPOINT WARNING * * *
Natasha extends her claws.
Natasha closely misses you. The cerulean imp closely misses you.
You hit Natasha. Your kick misses Natasha. You tail-slap Natasha.
Natasha is almost dead.
Natasha completely misses you. The cerulean imp misses you.
You closely miss Natasha. Your kick misses Natasha.
Your headbutt misses Natasha.
Natasha is almost dead.
Natasha claws you.
* * * LOW HITPOINT WARNING * * *
The cerulean imp hits you but does no damage.
Natasha casts a spell at you. The magic dart hits you!
You die...
Your body crumbles into a pile of gold.

$ .# .# ..
.# ###.##
#...5#
#.h..# #
##@..#.#.#
#.........
#######
#$...#.###
#......
#.##.# ..
#.#####
#....# #
#.#####
#.####
#.##... #.#
#####.##.##
##.##
#).........
#...#
#)######.##


You could see Natasha and a cerulean imp (summoned).

Vanquished Creatures
  Natasha (D:3)
  3 gnolls (D:2)
  4 adders
  A worm (D:2)
  2 dart slugs
  An orc (D:3)
  5 ball pythons
  4 bats
  3 endoplasms
  A giant cockroach (D:1)
  7 goblins
  5 hobgoblins
  3 quokkas
  2 frilled lizards
  4 kobolds
  2 rats (D:2)
48 creatures vanquished.

Notes
Turn   | Place    | Note
-------+----------+-------------------------------------------
     0 | D:1      | raph the Draconian Transmuter began the quest for the Orb.
     0 | D:1      | Reached XP level 1. HP: 16/16 MP: 3/3
   458 | D:1      | Reached XP level 2. HP: 20/23 MP: 3/5
   565 | D:1      | Reached skill level 3 in Transmutations
  1022 | D:1      | Learned a level 2 spell: Wereblood
  1039 | D:2      | Reached XP level 3. HP: 23/28 MP: 3/6
  1135 | D:2      | Reached skill level 4 in Transmutations
  1424 | D:2      | Found a faded altar of an unknown god.
  1458 | D:2      | Prayed at the altar of an unknown god.
  1458 | D:2      | Became a worshipper of Gozag Ym Sagoz the Greedy
  1537 | D:2      | Reached XP level 4. HP: 35/35 MP: 5/7
  2386 | D:3      | Reached skill level 5 in Transmutations
  2427 | D:3      | Learned a level 3 spell: Spider Form
  2491 | D:3      | Found a transporter.
  2491 | D:3      | Noticed Vorhees's ghost (amateur TrGl)
  2515 | D:3      | Noticed Natasha
  2526 | D:3      | Killed Natasha
  2527 | D:3      | Reached XP level 5. HP: 29/40 MP: 6/8
  2546 | D:3      | Noticed Natasha
  2559 | D:3      | Killed from afar by Natasha

Illustrated notes

Levels and vault maps discovered:
D:1:      onia_arrival_pentagram, layout_basic, chequers_serial_rivers_small_b,
          supply_closet_lemuel, st_stairs_1
D:2:      layout_basic, ebering_ecumenical_altar_sacrificial,
          chequers_serial_rivers_small_a, minivault_14
D:3:      minmay_spotlight, layout_loops_cross, gammafunk_ghost_arena,
          uniq_crazy_yiuf_cottage, uniq_robin, uniq_natasha

Skill      XL: |  1  2  3  4 |
---------------+-------------+-----
Transmutations | 3 4 5 |  5.2
Fighting       | |  1.1
Dodging        | |  1.7
Unarmed Combat | |  3.0
Spellcasting   | |  2.0
Poison Magic   | |  0.5

Action                     |  1- 3 |  4- 6 || total
---------------------------+-------+-------++-------
  Melee: Unarmed           |    76 |    73 ||   149
         Kick              |    17 |    21 ||    38
         Tailslap          |    11 |     7 ||    18
         Headbutt          |     9 |    10 ||    19
   Cast: Beastly Appendage |    18 |    13 ||    31
         Wereblood         |     3 |       ||     3
   Stab: Distracted        |       |     1 ||     1
 Armour: Skin              |    16 |    31 ||    47
  Dodge: Dodged            |    52 |    49 ||   101
